 Dungeon Crawl Stone Soup version 0.16-a0-2179-gb75b79b (webtiles) character file.

560967 ztt the Executioner (level 24, -1/189 (228) HPs)
             Began as a Minotaur Fighter on Nov 14, 2014.
             Was the Champion of the Shining One.
             Succumbed to an ushabti's dark miasma
             ... on level 2 of the Tomb of the Ancients.
             The game lasted 02:15:52 (46774 turns).

ztt the Executioner (Minotaur Fighter)             Turns: 46774, Time: 02:15:52

HP:   -1/189 (228)  AC: 35    Str: 38      XL:     24   Next: 77%
MP:   34/34         EV: 25    Int: -9 (12) God:    the Shining One [******]
Gold: 3657          SH: 21    Dex: 16 (19) Spells: 0 memorised, 23 levels left

rFire  + . .     SeeInvis +     t - +4 broad axe "Xeclussa" {holy, +Rage MR+ SInv}
rCold  + . .     Rnd*Rage +     U - +8 chain mail of the Undertaker {Int+3 Dex+4} (curse)
rNeg   + + +     SustAb   .     f - +1 shield {AC+3} (curse)
rPois  +         Gourm    .     O - +2 hat {Int+3} (curse)
rElec  +         Spirit   .     z - +2 cloak {rPois} (curse)
rCorr  +         Warding  .     b - +0 pair of gloves of Conscience {Slay+5 Stlth+} (curse)
rMut   .         Stasis   .     h - +0 pair of boots "Byut Duo" {Str+4 Dex+3} (curse)
MR     ++...                    e - amulet of regeneration (curse)
Stlth  ..........               P - ring "Teexue" {Str+3 Int+1} (curse)
                                o - +6 ring of evasion (curse)

@: lethally poisoned, exhausted, resistant, non-regenerating, rotting, diseased,
slowed, lost intelligence, glowing, very slow, very resistant to hostile
enchantments, extremely unstealthy
A: retaliatory headbutt, horns 2, large bone plates 1, berserk 1, blurry vision
1, low mp 1, spit poison 1, forlorn
a: Spit Poison, Divine Shield, Cleansing Flame, Summon Divine Warrior, Renounce
Religion, Evoke Berserk Rage
}: 4/15 runes: barnacled, slimy, silver, gossamer


You were on level 2 of the Tomb of the Ancients.
You worshipped the Shining One.
The Shining One was exalted by your worship.
You were not hungry.

You visited 11 branches of the dungeon, and saw 60 of its levels.
You also visited: Sewer.

You collected 4585 gold pieces.
You spent 928 gold pieces at shops.

Inventory:

Hand weapons
 j - a cursed +0 battleaxe
 t - the +4 broad axe "Xeclussa" (weapon) {holy, +Rage MR+ SInv}
   (Okawaru gifted it to you on level 9 of the Dungeon)

   It has been blessed by the Shining One to cause great damage to the undead
   and demons.
   It affects your resistance to hostile enchantments.
   It enhances your eyesight.
   It lets you go berserk.
 Q - a cursed +0 flail
Armour
 b - the cursed +0 pair of gloves of Conscience (worn) {Slay+5 Stlth+}
   (You found it on level 1 of the Tomb of the Ancients)

   It affects your accuracy and damage with ranged weapons and melee attacks
   (+5).
   It makes you more stealthy.
   It has a curse placed upon it.
 c - a cursed +2 pair of boots of flying
 f - a cursed +1 shield of protection (worn)
 h - the cursed +0 pair of boots "Byut Duo" (worn) {Str+4 Dex+3}
   (You acquired it on level 12 of the Dungeon)

   It affects your strength (+4).
   It affects your dexterity (+3).
   It has a curse placed upon it.
 z - a cursed +2 cloak of poison resistance (worn)
 O - a cursed +2 hat of intelligence (worn)
 U - the cursed +8 chain mail of the Undertaker (worn) {Int+3 Dex+4}
   (Okawaru gifted it to you on level 3 of the Vaults)

   It affects your intelligence (+3).
   It affects your dexterity (+4).
   It has a curse placed upon it.
Jewellery
 e - a cursed amulet of regeneration (around neck)
 k - a cursed ring of see invisible
 l - a cursed amulet of resist corrosion
 o - a cursed +6 ring of evasion (left hand)
 J - a cursed ring of stealth {unknown}
 K - a cursed ring of protection from magic
 P - the cursed ring "Teexue" (right hand) {Str+3 Int+1}
   (You found it on level 2 of the Lair of Beasts)

   [ring of intelligence]

   It affects your strength (+3).
   It affects your intelligence (+1).
   It has a curse placed upon it.
Magical devices
 a - a wand of heal wounds (0)
 n - a wand of disintegration (12)
 p - a wand of fireball (0)
 C - a wand of teleportation (7)
 G - a wand of fire (8)
 M - a wand of draining (3)
 T - a wand of paralysis (1)
 Y - a wand of confusion (19)
 Z - a wand of heal wounds (0)
Scrolls
 i - 20 scrolls of remove curse
 s - a scroll of brand weapon
 A - 5 scrolls of enchant weapon
 B - 14 scrolls of identify
 D - 2 scrolls of fog
 E - 2 scrolls of summoning
 F - 8 scrolls of magic mapping
 I - 5 scrolls of fear
 R - 3 scrolls of recharging
 S - a scroll of holy word
 V - 2 scrolls of enchant armour
 X - 4 scrolls of teleportation
Potions
 m - 7 potions of brilliance
 q - 8 potions of magic
 v - 8 potions of haste
 w - 3 potions of might
 x - 2 potions of resistance
 y - 2 potions of flight
 N - 4 potions of agility
 W - 2 potions of cancellation
Comestibles
 g - 18 meat rations


   Skills:
 + Level 21.4 Fighting
 + Level 26.1 Axes
 - Level 2.1(18.1) Maces & Flails
 + Level 15.3 Armour
 + Level 15.7 Dodging
 - Level 0.6 Stealth
 + Level 21.2 Shields
 + Level 6.1 Invocations
 * Level 19.2 Evocations


You had 23 spell levels left.
You didn't know any spells.

Dungeon Overview and Level Annotations

Branches:
Dungeon (15/15)            Temple (1/1) D:6            Lair (8/8) D:8
 Shoals (5/5) Lair:5       Spider (5/5) Lair:5        Slime (6/6) Lair:6
    Orc (4/4) D:11         Vaults (5/5) D:13          Crypt (3/3) Vaults:3
   Tomb (3/3) Crypt:3      Depths (5/5) D:15            Zot (0/5) Depths:5
    Elf: Orc:3-4

Altars:
Ashenzari
Dithmenos
Elyvilon
Fedhas
Gozag
Kikubaaqudgha
Makhleb
Nemelex Xobeh
Okawaru
Qazlal
Sif Muna
Vehumet
Xom
Yredelemnul
The Shining One
Beogh
Jiyva
Lugonu

Shops:
D:4 =   D:5 *!   D:13 }:   Orc:4 !=%}   Shoals:4 (   Vaults:4 }   Depths:5 :

Portals:
Hell: Depths:1 Depths:4 Depths:5
Abyss: Depths:4

Annotations:
Depths:4 exclusion: ice statue, the Enchantress


Innate Abilities, Weirdness & Mutations

You reflexively headbutt those who attack you in melee.
You have a pair of horns on your head.
You are partially covered in large bone plates (AC +2, SH +2).
You tend to lose your temper in combat.
Your vision is a little blurry.
Your magical capacity is low (-10% MP).
You can spit poison.
You have difficulty communicating with the divine.


Message History

* * * LOW HITPOINT WARNING * * *
You feel sick.
You are no longer berserk.
You are exhausted.
You feel as though you will be slow longer.
* * * LOW HITPOINT WARNING * * *
You feel sick.
You feel your flesh rotting away.
You feel less vulnerable to negative energy.
* * * LOW HITPOINT WARNING * * *
You feel sick.
Drink which item? (? for menu, Esc to quit)
You feel protected.
* * * LOW HITPOINT WARNING * * *
You feel sick.
Evoke which item? (* to show all) (? for menu, Esc to quit)
Okay, then.
Read which item? (? for menu, Esc to quit)
You almost manage to decipher the scroll, but fail in this attempt.
You die...

.......# *,,*,,,,*
.......# *,,******
.......###.,*,,,,*
............*,,,,*
............+,,,,*
...▓........*,,,,*
.....".....,*,,,,*
..........,,######
..........,,#..[@#
...▓.....,,,#..)$#
........,,,,#...^#
........,,,,#^...#
.......#**,,#....#
.....).# *,,#.^..#
.......# *,,#....#
.......#**,,#....#
.........,,,#.^^.#


There were no monsters in sight!

Vanquished Creatures
  the royal jelly (Slime:6)
  28 greater mummies
  Saint Roka (Vaults:2)
  Mennas (Vaults:2)
  A golden dragon (Depths:5)
  A profane servitor (Crypt:3)
  Frederick (Vaults:2)
  3 bone dragons
  6 titans
  3 deep elf blademasters
  18 acid blobs
  9 deep elf master archers
  2 liches
  A kraken (Shoals:5)
  4 octopode crushers (Depths:4)
  11 sphinxes
  3 storm dragons
  Kirke (Shoals:4)
  11 ancient champions
  A thorn hunter (Depths:4)
  A shadow dragon (Vaults:5)
  3 tengu reavers
  Roxanne (Spider:1)
  5 azure jellies
  4 revenants
  12 fire giants
  12 frost giants
  2 orc warlords
  12 vault wardens
  Wiglaf (Vaults:4)
  4 ghost moths
  20 emperor scorpions
  A draconian scorcher (Depths:5)
  A draconian zealot (Depths:5)
  A curse skull (Crypt:3)
  A deep elf sorcerer (Vaults:4)
  Gastronok (Lair:3)
  7 ghouls
  Jorgrun (Tomb:1)
  7 very ugly things
  4 reapers
  A grey draconian (Tomb:1)
  18 stone giants
  4 spriggan defenders (Depths:4)
  6 bennus (Tomb:1)
  A vampire knight (Crypt:2)
  2 green draconians
  A mottled draconian (Depths:5)
  2 black draconians
  2 red draconians (Depths:5)
  A purple draconian (Depths:5)
  A pale draconian (Tomb:1)
  3 yellow draconians
  A white draconian (Depths:5)
  4 dire elephants
  8 unborn
  9 merfolk javelineers
  16 mummy priests
  4 deep elf death magi
  11 yaktaur captains
  5 merfolk impalers
  5 ettins
  4 death oozes (Slime:6)
  A death cob (Crypt:3)
  7 fire dragons
  4 ice dragons
  3 eidola
  19 jiangshi
  24 vault guards (Vaults:5)
  4 minotaurs
  A great orb of eyes (shapeshifter) (Vaults:3)
  3 spriggan air magi
  8 ogre magi
  A quicksilver dragon skeleton (Depths:4)
  9 ironheart preservers
  7 centaur warriors
  2 ghost crabs (Crypt:2)
  8 great orbs of eyes
  A rakshasa (D:13)
  5 merfolk avatars
  6 hydras
  7 deep troll earth magi
  An alligator snapping turtle (Depths:4)
  A satyr (shapeshifter) (Vaults:2)
  A merfolk aquamancer (Shoals:5)
  18 death yaks
  A tengu warrior (D:15)
  2 vampire magi
  2 satyrs
  A titan zombie (Depths:4)
  8 deep troll shamans
  4 death knights
  7 orc high priests (Orc:4)
  A sun demon (Orc:4)
  Nergalle (D:13)
  2 unseen horrors (D:12)
  15 hell knights
  6 soul eaters
  A fire crab (Vaults:4)
  An iron troll (shapeshifter) (Vaults:1)
  6 shadow wraiths
  14 deep elf knights
  16 flayed ghosts
  9 hill giants
  2 spriggan druids (Depths:4)
  50 death scarabs
  4 catoblepae
  48 skeletal warriors
  27 deep trolls
  A storm dragon skeleton (Crypt:2)
  An ice devil (Tomb:1)
  A ghost moth zombie (Crypt:1)
  3 giant orange brains
  4 sea snakes
  A spectral anaconda (Crypt:3)
  A deep elf summoner (Depths:4)
  A golden dragon skeleton (Crypt:2)
  11 ironbrand convokers
  A shadow dragon zombie (Depths:4)
  3 shambling mangroves (Depths:4)
  18 anubis guards
  A lindwurm (Lair:8)
  24 ugly things
  3 wolf spider zombies
  9 necromancers
  5 deep elf conjurers
  4 shining eyes
  6 red wasps
  14 wolf spiders
  A faun (shapeshifter) (Depths:5)
  3 orc sorcerers
  6 griffons
  4 orc knights
  39 slime creatures
  9 phantasmal warriors
  A water nymph (shapeshifter) (Vaults:4)
  A faun (Shoals:2)
  A spectral ice dragon (Crypt:3)
  2 water nymphs
  4 manticores
  4 mana vipers (Tomb:1)
  A frost giant zombie (Crypt:2)
  3 orb spiders (Spider:5)
  2 moths of wrath
  5 sirens
  4 rust devils
  5 black mambas
  4 sixfirhies (Orc:4)
  2 cyclopes
  14 elephants
  An orange demon (Tomb:1)
  6 drowned souls
  A guardian serpent (Spider:4)
  6 vault sentinels
  2 gargoyles
  A naga mage (D:15)
  A fire giant skeleton (Crypt:1)
  A smoke demon (Tomb:1)
  2 spriggan zombies
  4 eyes of devastation
  3 torpor snails
  A black draconian zombie (Crypt:1)
  36 yaktaurs
  A spectral redback (D:14)
  A death yak zombie (Crypt:2)
  A spiny frog (shapeshifter) (Vaults:2)
  8 spiny frogs
  A yaktaur (shapeshifter) (Vaults:4)
  7 fire drakes
  10 komodo dragons
  7 demonic crawlers
  6 kobold demonologists
  A mottled draconian skeleton (Crypt:2)
  2 hellwings
  A red draconian skeleton (Crypt:1)
  5 trolls
  4 deep elf priests
  A hydra zombie (Tomb:3)
  A green draconian skeleton (Crypt:1)
  2 redback zombies (D:14)
  A ghoul skeleton (Crypt:1)
  A white draconian skeleton (Crypt:2)
  35 guardian mummies
  11 merfolk
  12 freezing wraiths
  5 polar bears
  A red devil (D:12)
  Sonja (Orc:4)
  20 two-headed ogres
  6 wind drakes
  12 ravens
  7 boulder beetles
  A spectral ghost crab (Crypt:2)
  31 ushabtiu
  4 bog bodies
  2 harpy skeletons (D:14)
  9 jumping spiders
  A death drake skeleton (Crypt:1)
  A shadow dragon simulacrum (Depths:3)
  7 blink frogs
  A stone giant simulacrum (Vaults:3)
  5 snapping turtles
  3 spriggans
  A basilisk (Lair:4)
  A sphinx simulacrum (Depths:3)
  16 redbacks
  7 trapdoor spiders
  A fire dragon skeleton (Tomb:2)
  66 flying skulls
  8 water elementals
  A wyvern (D:12)
  9 tarantellas
  16 humans (D:13)
  10 shadows
  63 yaks
  A redback simulacrum (D:12)
  12 wraiths
  2 ynoxinuls
  2 chaos spawn
  14 deep elf magi
  3 hogs (Shoals:4)
  Grum (D:11)
  A wind drake skeleton (Crypt:2)
  9 hippogriffs
  A human (shapeshifter) (Vaults:4)
  2 small abominations (Crypt:3)
  3 neqoxecs
  5 vampires
  7 hungry ghosts
  13 vampire mosquitoes
  9 deep elf fighters
  22 wolves
  9 wargs
  A merfolk zombie (Crypt:3)
  9 human zombies
  A soldier ant (D:11)
  A merfolk skeleton (D:13)
  A naga skeleton (D:12)
  3 ice beasts
  A catoblepas simulacrum (Crypt:2)
  19 spiders
  10 water moccasins
  2 ettin simulacra
  5 yellow wasps
  A black bear (shapeshifter) (Vaults:3)
  9 necrophages
  A baby alligator skeleton (Crypt:1)
  A spiny frog skeleton (Crypt:2)
  3 phantoms
  9 porcupines
  24 orc warriors
  2 black bears
  An elf zombie (D:15)
  42 ogres
  A snapping turtle skeleton (Crypt:2)
  18 crocodiles
  5 eyes of draining
  The ghost of partyhat the Slasher, an average HECK of Xom (D:3)
  A big kobold (D:12)
  A manticore skeleton (Crypt:2)
  A boring beetle (Spider:4)
  13 centaurs
  A fire drake skeleton (Crypt:2)
  A gnoll sergeant (D:7)
  16 giant frogs
  An elf skeleton (Crypt:2)
  A wyvern zombie (D:11)
  2 wyvern skeletons
  7 scorpions
  2 water moccasin skeletons (D:5)
  15 killer bees
  An ogre simulacrum (Vaults:1)
  7 electric eels
  A troll skeleton (Crypt:2)
  22 wights
  2 giant frog zombies
  A centaur zombie (D:5)
  4 goliath beetles
  14 hounds
  A quasit (D:12)
  5 crimson imps
  An iron imp (Depths:5)
  13 jellies
  42 orc priests
  5 worker ants
  A giant frog skeleton (D:6)
  A human skeleton (Crypt:2)
  3 iguanas
  18 orc wizards
  An orange rat (Depths:4)
  28 sheep
  A tengu skeleton (Tomb:2)
  A hound zombie (D:6)
  A hound skeleton (D:4)
  55 mummies
  67 green rats
  20 adders
  5 gnolls (D:7)
  A naga simulacrum (Tomb:1)
  2 shadow imps (D:10)
  2 giant mites
  2 white imps
  6 worms
  3 ufetubi (D:12)
  A sheep skeleton (Crypt:2)
  An adder skeleton (D:4)
  4 giant geckos
  6 oozes
  124 orcs
  21 bats
  13 hobgoblins
  5 jackals
  14 kobolds
  5 quokkas
  8 ball pythons
  11 giant cockroaches
  9 giant newts
  2 giant spores
  18 goblins
  A lava orc skeleton (Crypt:1)
  2 orc zombies (Crypt:2)
  19 rats
  3 spectral orcs (D:13)
  17 ballistomycetes
  18 fungi
  4 plants
  2 tentacles (Shoals:5)
2407 creatures vanquished.

Vanquished Creatures (others)
  An eldritch tentacle (Shoals:4)
  An ogre mage (Vaults:2)
  A titan skeleton (Tomb:2)
  A death scarab (Tomb:2)
  An anaconda skeleton (Tomb:2)
  7 drowned souls
  A vault sentinel (Vaults:2)
  An ushabti (Tomb:2)
  A human (Shoals:4)
  A water elemental (Depths:4)
  A spiny frog zombie (Tomb:2)
  6 lost souls
  A glowing shapeshifter simulacrum (Depths:4)
  A mummy (Tomb:2)
  4 giant spores
  A kobold (D:9)
  A kobold skeleton (Tomb:3)
  119 eldritch tentacle segments (Shoals:4)
  5 fungi (Depths:4)
  5 plants
  18 tentacles (Shoals:5)
  231 tentacle segments (Shoals:5)
409 creatures vanquished.

Grand Total: 2816 creatures vanquished

Notes
Turn   | Place    | Note
--------------------------------------------------------------
     0 | D:1      | ztt, the Minotaur Fighter, began the quest for the Orb.
     0 | D:1      | Reached XP level 1. HP: 19/19 MP: 1/1
   252 | D:1      | Reached skill level 4 in Fighting
   252 | D:1      | Reached XP level 2. HP: 21/27 MP: 1/1
   682 | D:2      | Reached XP level 3. HP: 30/33 MP: 2/2
  1068 | D:2      | Found an ancient bone altar of Kikubaaqudgha.
  1253 | D:3      | Reached skill level 1 in Dodging
  1257 | D:3      | Noticed partyhat's ghost (average HECK)
  1270 | D:3      | Killed partyhat's ghost
  1270 | D:3      | Reached XP level 4. HP: 28/41 MP: 2/2
  1270 | D:3      | Reached XP level 5. HP: 32/47 MP: 2/2
  1288 | D:3      | Gained mutation: You can spit poison. [potion of beneficial mutation]
  1767 | D:4      | Noticed an ogre
  1776 | D:4      | Killed an ogre
  1776 | D:4      | Reached skill level 5 in Shields
  1948 | D:4      | Reached skill level 5 in Armour
  1977 | D:4      | Reached skill level 5 in Fighting
  1977 | D:4      | Reached XP level 6. HP: 52/56 MP: 3/3
  2119 | D:4      | Found Teptozone's Jewellery Boutique.
  2260 | D:4      | Reached XP level 7. HP: 44/61 MP: 3/3
  2524 | D:4      | Noticed a phantom
  2541 | D:4      | Killed a phantom
  2541 | D:4      | Reached skill level 5 in Axes
  2980 | D:5      | Entered Level 5 of the Dungeon
  3085 | D:5      | Found a white marble altar of Elyvilon.
  3122 | D:5      | Found Scha Tulu's Distillery.
  3141 | D:5      | Reached skill level 6 in Armour
  3153 | D:5      | Found Extas Thu's Assorted Antiques.
  3249 | D:5      | Found a glowing drain.
  3283 | Sewer    | Entered a sewer
  3689 | D:5      | Reached XP level 8. HP: 10/70 MP: 3/3
  3694 | D:5      | HP: 2/70 [orc/trident (6)]
  3919 | D:6      | Reached skill level 7 in Shields
  4021 | D:6      | Reached skill level 5 in Dodging
  4021 | D:6      | Reached XP level 9. HP: 46/78 MP: 4/4
  4129 | D:6      | Reached skill level 8 in Shields
  4455 | D:6      | Found a staircase to the Ecumenical Temple.
  4466 | Temple   | Entered the Ecumenical Temple
  4480 | Temple   | Became a worshipper of Warmaster Okawaru
  4976 | D:7      | Got a steaming hand axe
  4977 | D:7      | Identified the +8 hand axe of Ascent {freeze, +Blink} (You found it on level 7 of the Dungeon)
  5676 | D:8      | Noticed an elephant
  5676 | D:8      | Found a staircase to the Lair.
  5686 | D:8      | Killed an elephant
  5686 | D:8      | Acquired Okawaru's first power
  5686 | D:8      | Reached skill level 9 in Shields
  5762 | D:8      | Found a shadowy altar of Dithmenos.
  5763 | D:8      | Found a deep blue altar of Sif Muna.
  5766 | D:8      | Found a blossoming altar of Fedhas.
  5768 | D:8      | Found a radiant altar of Vehumet.
  5769 | D:8      | Found a sparkling altar of Nemelex Xobeh.
  6351 | Lair:1   | Entered Level 1 of the Lair of Beasts
  6357 | Lair:1   | Reached XP level 10. HP: 82/88 MP: 4/4
  6394 | Lair:1   | Noticed a spiny frog
  6403 | Lair:1   | Killed a spiny frog
  6414 | Lair:1   | Noticed a komodo dragon
  6424 | Lair:1   | Killed a komodo dragon
  6550 | Lair:1   | Noticed a komodo dragon
  6561 | Lair:1   | Killed a komodo dragon
  6561 | Lair:1   | Reached skill level 10 in Shields
  6670 | Lair:1   | Noticed a komodo dragon
  6675 | Lair:1   | Killed a komodo dragon
  6832 | Lair:1   | Reached skill level 1 in Evocations
  7209 | Lair:2   | Got a shimmering bronze ring
  7495 | Lair:2   | Noticed a four-headed hydra
  7814 | Lair:2   | Killed a four-headed hydra
  7814 | Lair:2   | Reached XP level 11. HP: 39/95 MP: 6/9
  8340 | Lair:3   | Reached skill level 10 in Armour
  8454 | Lair:3   | Reached skill level 1 in Maces & Flails
  8454 | Lair:3   | Reached skill level 11 in Shields
  8505 | Lair:3   | Reached skill level 10 in Axes
  8530 | Lair:3   | Noticed Gastronok
  8555 | Lair:3   | Killed Gastronok
  8555 | Lair:3   | Acquired Okawaru's second power
  8683 | Lair:3   | Reached skill level 1 in Invocations
  9416 | Lair:4   | Identified the Collected Works on Protection and Weightlessness
  9548 | Lair:4   | Received a gift from Okawaru
  9548 | Lair:4   | Reached skill level 5 in Evocations
  9574 | Lair:4   | Gained mutation: You are partially covered in large bone plates (AC +2, SH +2). [potion of beneficial mutation]
  9581 | Lair:4   | Identified the ring "Teexue" {Str+3 Int+1} (You found it on level 2 of the Lair of Beasts)
  9703 | Lair:4   | Noticed a five-headed hydra
  9714 | Lair:4   | Killed a five-headed hydra
  9917 | Lair:4   | Reached XP level 12. HP: 103/106 MP: 15/15
 10395 | Lair:5   | Reached skill level 10 in Fighting
 10507 | Lair:5   | Found a hole to the Spider Nest.
 10602 | Lair:5   | Noticed a six-headed hydra
 10611 | Lair:5   | Killed a six-headed hydra
 10611 | Lair:5   | Reached skill level 12 in Shields
 11199 | Lair:5   | Found a staircase to the Shoals.
 11536 | Lair:6   | Found a runed door.
 11542 | Lair:6   | Found a viscous altar of Jiyva.
 11544 | Lair:6   | Found a staircase to the Slime Pits.
 12135 | Lair:7   | Received a gift from Okawaru
 12498 | Lair:7   | Reached XP level 13. HP: 105/114 MP: 19/19
 12541 | Lair:7   | Received a gift from Okawaru
 13108 | Lair:8   | Entered Level 8 of the Lair of Beasts
 13360 | Lair:8   | Reached skill level 13 in Shields
 13762 | Lair:8   | Received a gift from Okawaru
 13852 | Lair:8   | Got an ancient wooden ring
 13854 | Lair:8   | Identified the ring of Pride {SustAb Str+2} (You found it on level 8 of the Lair of Beasts)
 14531 | Spider:1 | Entered Level 1 of the Spider Nest
 14542 | Spider:1 | Reached XP level 14. HP: 106/125 MP: 22/22
 14599 | Spider:1 | Noticed Roxanne
 14841 | Spider:1 | Killed Roxanne
 14938 | Spider:3 | Noticed an emperor scorpion
 14965 | Spider:3 | Killed an emperor scorpion
 15306 | Spider:5 | Entered Level 5 of the Spider Nest
 15345 | Spider:5 | Noticed an emperor scorpion
 15503 | Spider:4 | Killed a ghost moth
 15786 | Spider:4 | Killed an emperor scorpion
 15831 | Spider:4 | Paralysed by a red wasp for 2 turns
 15960 | Spider:5 | Reached skill level 14 in Axes
 16012 | Spider:5 | Killed a ghost moth
 16012 | Spider:5 | Received a gift from Okawaru
 16012 | Spider:5 | Reached skill level 10 in Dodging
 16012 | Spider:5 | Reached skill level 10 in Evocations
 16207 | Spider:5 | Noticed an emperor scorpion
 16226 | Spider:5 | Noticed an emperor scorpion
 16242 | Spider:5 | Killed an emperor scorpion
 16267 | Spider:4 | Killed a ghost moth
 16527 | Spider:5 | Killed an emperor scorpion
 16743 | Spider:5 | Noticed an emperor scorpion
 16773 | Spider:5 | Killed an emperor scorpion
 16992 | Spider:5 | Reached XP level 15. HP: 132/134 MP: 25/25
 17010 | Spider:5 | Noticed a ghost moth
 17037 | Spider:5 | Killed a ghost moth
 17100 | Spider:5 | Got a gossamer rune of Zot
 17239 | Shoals:1 | Entered Level 1 of the Shoals
 17563 | Shoals:3 | Received a gift from Okawaru
 17599 | Shoals:4 | Noticed Kirke
 17626 | Shoals:4 | Killed Kirke
 17650 | Shoals:4 | Found Ixotwaimn's Weapon Shoppe.
 17679 | Shoals:4 | Noticed an eldritch tentacle
 17717 | Shoals:4 | Killed an eldritch tentacle
 17871 | Shoals:5 | Entered Level 5 of the Shoals
 18650 | Shoals:5 | Reached skill level 15 in Axes
 18740 | Shoals:5 | Noticed a kraken
 19061 | Shoals:5 | Killed a kraken
 19073 | Shoals:5 | Got a barnacled rune of Zot
 19107 | Shoals:5 | Reached skill level 15 in Shields
 20056 | D:9      | Found a burning altar of Makhleb.
 20296 | D:9      | Received a gift from Okawaru
 20318 | D:9      | Got a crude broad axe {god gift}
 20319 | D:9      | Identified the +4 broad axe "Xeclussa" {holy, +Rage MR+ SInv} (Okawaru gifted it to you on level 9 of the Dungeon)
 20458 | D:10     | Entered Level 10 of the Dungeon
 21254 | D:11     | Found a staircase to the Orcish Mines.
 21285 | Orc:1    | Entered Level 1 of the Orcish Mines
 21467 | Orc:2    | Reached XP level 16. HP: 120/145 MP: 21/27
 21591 | Orc:4    | Entered Level 4 of the Orcish Mines
 21656 | Orc:4    | Noticed Sonja
 21666 | Orc:4    | Killed Sonja
 21806 | Orc:4    | Found a roughly hewn altar of Beogh.
 21819 | Orc:4    | Found Utwor's Distillery.
 21850 | Orc:4    | Bought a potion of heal wounds for 70 gold pieces
 21850 | Orc:4    | Bought a potion of heal wounds for 70 gold pieces
 21857 | Orc:4    | Found Xierub's Jewellery Shoppe.
 21888 | Orc:4    | Reached skill level 16 in Axes
 21897 | Orc:4    | Bought an uncursed amulet of clarity for 260 gold pieces
 22062 | Orc:4    | Found Brorphol's Gadget Shoppe.
 22089 | Orc:4    | Found Soev's Food Shop.
 22230 | D:11     | Noticed Grum
 22246 | D:11     | Killed Grum
 23210 | D:12     | Received a gift from Okawaru
 23214 | D:12     | Identified a scroll of acquirement
 23215 | D:12     | Got a pair of brightly glowing boots
 23221 | D:12     | Identified the +0 pair of boots "Byut Duo" {Str+4 Dex+3} (You acquired it on level 12 of the Dungeon)
 23221 | D:12     | Got a slimy chain mail {god gift}
 23232 | D:12     | Identified the +2 chain mail "Pniotegh" {Str-4} (Okawaru gifted it to you on level 12 of the Dungeon)
 23789 | D:13     | Noticed Nergalle
 23806 | D:13     | Killed Nergalle
 23894 | D:13     | Found a gate to the Vaults.
 24104 | D:13     | Found a glowing golden altar of the Shining One.
 24239 | D:13     | Found Paeg Ree's Gadget Emporium.
 24255 | D:13     | Bought a wand of teleportation (7) for 528 gold pieces
 24367 | D:13     | Found a shimmering altar of Xom.
 24385 | D:13     | Found Kodaiz's Book Shop.
 24527 | D:13     | Reached skill level 17 in Axes
 24582 | Vaults:1 | Entered Level 1 of the Vaults
 24783 | Vaults:2 | Received a gift from Okawaru
 24954 | Vaults:2 | Noticed Frederick
 25088 | Vaults:2 | Reached XP level 17. HP: 154/154 MP: 28/28
 25097 | Vaults:2 | Killed Frederick
 25167 | Vaults:2 | Received a gift from Okawaru
 25167 | Vaults:2 | Reached skill level 15 in Fighting
 25367 | Vaults:2 | Noticed a caustic shrike
 25390 | Vaults:2 | Noticed a caustic shrike
 25390 | Vaults:2 | an iron troll changed into a caustic shrike
 25406 | Vaults:1 | a caustic shrike changed into an iron troll
 25945 | Vaults:2 | Noticed Mennas
 26012 | Vaults:2 | Killed Mennas
 26356 | Vaults:2 | Reached skill level 18 in Axes
 26696 | Vaults:2 | Noticed Saint Roka
 26714 | Vaults:2 | Received a gift from Okawaru
 26732 | Vaults:2 | Killed Saint Roka
 26732 | Vaults:2 | Reached skill level 5 in Invocations
 27225 | Vaults:3 | Received a gift from Okawaru
 27229 | Vaults:3 | Got a polished chain mail {god gift}
 27240 | Vaults:3 | Identified the +8 chain mail of the Undertaker {Int+3 Dex+4} (Okawaru gifted it to you on level 3 of the Vaults)
 27414 | Vaults:3 | Reached XP level 18. HP: 164/166 MP: 30/30
 27446 | Vaults:3 | Found a staircase to the Crypt.
 28014 | Vaults:4 | Reached skill level 19 in Axes
 28199 | Vaults:4 | Noticed Wiglaf
 28210 | Vaults:4 | Killed Wiglaf
 28426 | Vaults:4 | Received a gift from Okawaru
 28463 | Vaults:4 | Found Reujamm's Gadget Boutique.
 28971 | Vaults:5 | Entered Level 5 of the Vaults
 28996 | Vaults:5 | Reached XP level 19. HP: 147/174 MP: 26/31
 28997 | Vaults:5 | Reached skill level 20 in Axes
 29407 | Vaults:5 | Got a silver rune of Zot
 29466 | Vaults:5 | Received a gift from Okawaru
 29473 | Vaults:5 | Got a pair of jewelled boots {god gift}
 29484 | Vaults:5 | Identified the +1 pair of boots of Okawaru's Generosity {rCorr} (Okawaru gifted it to you on level 5 of the Vaults)
 30319 | D:15     | Entered Level 15 of the Dungeon
 30515 | D:15     | Found a staircase to the Depths.
 30694 | Depths:1 | Entered Level 1 of the Depths
 30694 | Depths:1 | Found a gateway to Hell.
 30769 | D:15     | Reached skill level 15 in Evocations
 31781 | Depths:4 | Received a gift from Okawaru
 31796 | Depths:4 | Got a pair of ancient gloves {god gift}
 31807 | Depths:4 | Identified the +1 pair of gloves "Uhofraot" {+Fly rN+ Slay+3} (Okawaru gifted it to you on level 4 of the Depths)
 32419 | Depths:4 | Reached XP level 20. HP: 159/187 MP: 33/33
 32449 | Depths:4 | Reached skill level 21 in Axes
 33026 | Depths:4 | Found a corrupted altar of Lugonu.
 33026 | Depths:4 | Found a one-way gate to the infinite horrors of the Abyss.
 33255 | Depths:4 | Received a gift from Okawaru
 33504 | Depths:4 | Noticed the Enchantress
 34111 | Depths:5 | Entered Level 5 of the Depths
 34139 | Depths:5 | Received a gift from Okawaru
 34307 | Depths:5 | Found a gate to the Realm of Zot.
 34307 | Depths:5 | Noticed a golden dragon
 34313 | Depths:5 | Killed a golden dragon
 34313 | Depths:5 | Reached skill level 22 in Axes
 34664 | Depths:5 | Reached XP level 21. HP: 148/195 MP: 34/34
 34966 | Depths:5 | Received a gift from Okawaru
 35224 | Depths:5 | Found Unenoirr's Book Shop.
 36261 | Slime:1  | Entered Level 1 of the Pits of Slime
 36450 | Slime:5  | Gained mutation: Your vision is a little blurry. [a shining eye]
 36456 | Slime:5  | Gained mutation: You have difficulty communicating with the divine. [a shining eye]
 36474 | Slime:6  | Entered Level 6 of the Pits of Slime
 36484 | Slime:6  | Received a gift from Okawaru
 36803 | Slime:6  | Gained mutation: You tend to lose your temper in combat. [a shining eye]
 36968 | Slime:6  | Found a viscous altar of Jiyva.
 37063 | Slime:6  | Gained mutation: Your magical capacity is low (-10% MP). [a shining eye]
 37092 | Slime:6  | Noticed the royal jelly
 37129 | Slime:6  | Killed the royal jelly
 37129 | Slime:6  | Reached skill level 23 in Axes
 37352 | Slime:6  | Got a smoking amber ring
 37353 | Slime:6  | Identified the ring of the Tempest {MP+9 Str+3} (You found it on level 6 of the Pits of Slime)
 37363 | Slime:6  | Got a slimy rune of Zot
 37872 | D:13     | Fell from the grace of Okawaru
 37872 | D:13     | Became a worshipper of the Shining One
 38011 | Crypt:1  | Entered Level 1 of the Crypt
 38055 | Crypt:1  | Reached skill level 15 in Armour
 38318 | Crypt:1  | Acquired the Shining One's first power
 38451 | Crypt:1  | Reached XP level 22. HP: 206/206 MP: 31/31
 38800 | Crypt:2  | Acquired the Shining One's second power
 39445 | Crypt:2  | Found an ancient bone altar of Kikubaaqudgha.
 39476 | Crypt:3  | Entered Level 3 of the Crypt
 39563 | Crypt:3  | Found an ancient bone altar of Kikubaaqudgha.
 39648 | Crypt:3  | Acquired the Shining One's third power
 39896 | Crypt:3  | Found a staircase to the Tomb.
 39904 | Crypt:3  | Reached skill level 24 in Axes
 40139 | Crypt:3  | Acquired the Shining One's fourth power
 40459 | Tomb:1   | Entered Level 1 of the Tomb of the Ancients
 40460 | Tomb:1   | Noticed Jorgrun
 40472 | Tomb:1   | Killed Jorgrun
 40850 | Tomb:1   | Reached XP level 23. HP: 207/216 MP: 32/32
 41000 | Tomb:1   | Got a pair of ichor-stained gloves
 41015 | Tomb:1   | Identified the cursed +0 pair of gloves of Conscience {Slay+5 Stlth+} (You found it on level 1 of the Tomb of the Ancients)
 41180 | Tomb:1   | Noticed a greater mummy
 41211 | Tomb:1   | Killed a greater mummy
 41528 | Tomb:1   | Noticed a greater mummy
 41543 | Tomb:1   | Noticed a greater mummy
 41569 | Tomb:1   | Killed a greater mummy
 41583 | Tomb:1   | Killed a greater mummy
 42393 | Tomb:2   | Noticed a greater mummy
 42394 | Tomb:2   | Noticed a greater mummy
 42395 | Tomb:2   | Noticed a greater mummy
 42573 | Tomb:2   | Noticed a greater mummy
 42768 | Tomb:1   | Killed a greater mummy
 42770 | Tomb:1   | Killed a greater mummy
 43675 | Tomb:1   | Killed a greater mummy
 43908 | Tomb:2   | Killed a greater mummy
 43908 | Tomb:2   | Reached skill level 25 in Axes
 43972 | Tomb:2   | Was forgiven by Okawaru
 44227 | Tomb:1   | Noticed a greater mummy
 44469 | Tomb:1   | Killed a greater mummy
 44497 | Tomb:1   | Noticed a greater mummy
 44510 | Tomb:1   | Killed a greater mummy
 44535 | Tomb:1   | Noticed a greater mummy
 44535 | Tomb:1   | Noticed a greater mummy
 44575 | Tomb:1   | Killed a greater mummy
 44695 | Tomb:1   | Noticed a greater mummy
 44702 | Tomb:1   | Killed a greater mummy
 44708 | Tomb:1   | Killed a greater mummy
 44719 | Tomb:1   | Noticed a greater mummy
 44728 | Tomb:1   | Noticed a greater mummy
 44731 | Tomb:1   | Killed a greater mummy
 44766 | Tomb:1   | Killed a greater mummy
 44889 | Tomb:1   | Noticed a greater mummy
 44896 | Tomb:1   | Killed a greater mummy
 44896 | Tomb:1   | Reached skill level 15 in Dodging
 44896 | Tomb:1   | Reached XP level 24. HP: 197/204 MP: 33/33
 44902 | Tomb:1   | Noticed a greater mummy
 44913 | Tomb:1   | Killed a greater mummy
 44947 | Tomb:1   | Noticed a greater mummy
 44969 | Tomb:1   | Killed a greater mummy
 45078 | Tomb:1   | Noticed a greater mummy
 45107 | Tomb:1   | Killed a greater mummy
 45111 | Tomb:1   | Noticed a greater mummy
 45139 | Tomb:1   | Killed a greater mummy
 45286 | Tomb:1   | Noticed a greater mummy
 45292 | Tomb:1   | Killed a greater mummy
 45293 | Tomb:1   | Noticed a greater mummy
 45300 | Tomb:1   | Killed a greater mummy
 45301 | Tomb:1   | Noticed a greater mummy
 45305 | Tomb:1   | Killed a greater mummy
 45514 | Tomb:3   | Entered Level 3 of the Tomb of the Ancients
 45625 | Tomb:2   | Lost intelligence.
 45665 | Tomb:2   | Lost intelligence.
 45910 | Tomb:3   | Noticed a greater mummy
 46002 | Tomb:3   | Noticed a greater mummy
 46002 | Tomb:3   | Noticed a greater mummy
 46062 | Tomb:3   | Noticed a greater mummy
 46066 | Tomb:2   | HP: 5/195 [cloud of foul pestilence (10)]
 46197 | Tomb:2   | Killed a greater mummy
 46401 | Tomb:3   | Noticed a greater mummy
 46471 | Tomb:3   | Noticed a greater mummy
 46474 | Tomb:2   | Killed a greater mummy
 46562 | Tomb:3   | Noticed a greater mummy
 46565 | Tomb:2   | Reached skill level 26 in Axes
 46568 | Tomb:2   | Killed a greater mummy
 46667 | Tomb:2   | Killed a greater mummy
 46760 | Tomb:3   | Noticed a greater mummy
 46765 | Tomb:2   | Killed a greater mummy
 46765 | Tomb:2   | HP: 6/191 [greater mummy (13)]
 46766 | Tomb:2   | The Shining One protects you from harm!
 46767 | Tomb:2   | HP: 1/286 [poisoned by an ushabti (dark miasma)]
 46768 | Tomb:2   | Killed a greater mummy
 46772 | Tomb:2   | HP: 3/189 [poisoned by an ushabti (dark miasma)]
 46773 | Tomb:2   | HP: 1/189 [poisoned by an ushabti (dark miasma)]
 46774 | Tomb:2   | Succumbed to an ushabti's dark miasma

Action                   |  1- 3 |  4- 6 |  7- 9 | 10-12 | 13-15 | 16-18 | 19-21 | 22-24 || total
-------------------------+-------+-------+-------+-------+-------+-------+-------+-------++-------
Melee: War axe           |   120 |   100 |   371 |       |       |       |       |       ||   591
       Hand axe          |       |       |    84 |   634 |  1383 |       |       |       ||  2101
       Flail             |       |       |       |    39 |       |    13 |       |       ||    52
       Broad axe         |       |       |       |       |   185 |  1615 |  1456 |  1167 ||  4423
Invok: Heroism           |       |       |       |     4 |       |     2 |     1 |       ||     7
       Finesse           |       |       |       |       |    12 |     6 |     5 |       ||    23
 Abil: Evoke Berserk Rag |       |       |       |       |       |       |       |     1 ||     1
Evoke: Wand              |       |       |       |       |    31 |     1 |     5 |     9 ||    46
  Use: Potion            |     1 |     1 |     3 |     2 |     6 |    10 |       |    17 ||    40
       Scroll            |       |     7 |     6 |    11 |    17 |     5 |    17 |     3 ||    66
 Stab: Distracted        |       |       |       |     1 |       |       |       |       ||     1
       Paralysed         |       |       |       |       |     3 |       |       |       ||     3
       Petrified         |       |       |       |       |       |       |     1 |       ||     1
  Eat: Chunk             |       |     4 |     4 |     8 |     9 |     7 |     3 |       ||    35
       Pizza             |       |       |     2 |       |     1 |     1 |     1 |     1 ||     6
       Royal jelly       |       |       |     1 |     1 |     2 |     1 |       |       ||     5
       Fruit             |       |       |     7 |     4 |    34 |       |       |       ||    45
       Beef jerky        |       |       |       |     9 |       |     2 |     2 |     1 ||    14
       Bread ration      |       |       |       |       |     1 |     3 |     7 |    11 ||    22
       Meat ration       |       |       |       |       |       |     2 |     1 |     2 ||     5
